[Event "Late-Titled-Tuesday-Blitz-August-29-2023"]
[Site "Chess.com"]
[Date "2023.08.29"]
[Round "7"]
[White "jcreyes69"]
[Black "tarno17"]
[Result "1-0"]
[WhiteElo "2357"]
[BlackElo "2177"]
[TimeControl "180+1"]
[EndTime "15:15:29 PDT"]
[Termination "jcreyes69 won by checkmate"]

1. e4 c5 2. Nf3 e6 3. d4 cxd4 4. Nxd4 a6 5. Bd3 Bc5 6. Nb3 Be7 7. Be3 Qc7 8. Qe2 d6 9. Nc3 Nd7 10. O-O-O b5 11. f4 Bb7 12. f5 e5 13. g4 b4 14. Nd5 Bxd5 15. exd5 Nb6 16. Qg2 Nf6 17. Be2 Rc8 18. Bxa6 Nfxd5 19. Bxb6 Nxb6 20. Bxc8 Qxc8 21. h4 d5 22. Qf2 Qc7 23. g5 f6 24. Rhg1 O-O 25. gxf6 Bxf6 26. h5 h6 27. Qc5 Qb7 28.
Qd6 d4 29. Nc5 Qa7 30. Ne4 Kh8 31. Qxf8+ Kh7 32. Qxf6 gxf6 33. Nxf6+ Kh8 34. Rg8# 1-0

[Event "Late-Titled-Tuesday-Blitz-August-29-2023"]
[Site "Chess.com"]
[Date "2023.08.29"]
[Round "7"]
[White "nihalsarin"]
[Black "CheckThis4"]
[Result "1-0"]
[WhiteElo "3110"]
[BlackElo "2663"]
[TimeControl "180+1"]
[EndTime "15:15:33 PDT"]
[Termination "nihalsarin won by resignation"]

1. e4 c5 2. Nf3 d6 3. Nc3 Nf6 4. e5 dxe5 5. Nxe5 Nbd7 6. d4 e6 7. g3 cxd4 8. Qxd4 Bc5 9. Qa4 O-O 10. Nd3 Bb6 11. Bg2 Nc5 12. Nxc5 Bxc5 13. O-O Bd7 14. Qb3 Rb8 15. Bf4 Rc8 16. Bxb7 Bc6 17. Rad1 Qe7 18.
Bxc8 Rxc8 19. Na4 h6 20. Nxc5 Qxc5 21. Qc3 Qh5 22. f3 Bb7 23. Qe5 Qh3 24. Rd2 Nd5 25. c4 Rxc4 26. Qb8+ Bc8 27. Qb5 Nb6 28. Qe8+ Kh7 29.
Qxf7 Nd5 30. Be5 1-0

[Event "Late-Titled-Tuesday-Blitz-August-29-2023"]
[Site "Chess.com"]
[Date "2023.08.29"]
[Round "7"]
[White "Beca95"]
[Black "KaydenTroffChess"]
[Result "1-0"]
[WhiteElo "2952"]
[BlackElo "2797"]
[TimeControl "180+1"]
[EndTime "15:15:33 PDT"]
[Termination "Beca95 won by resignation"]

1. d4 Nf6 2. c4 g6 3. Nc3 d5 4.
Nf3 Bg7 5. h4 h6 6. cxd5 Nxd5 7.
e4 Nxc3 8. bxc3 c5 9. Bb5+ Nc6 10.
d5 Qa5 11. Rb1 Bxc3+ 12. Bd2 a6 13. Ba4 Bxd2+ 14. Nxd2 b5 15. dxc6 bxa4 16. O-O Be6 17. Nf3 O-O 18. Qc1 Kh7 19. Rb7 Rac8 20. Ne5 c4 21. Qf4 Qc5 22. Nd7 Qxc6 23. Nxf8+ Rxf8 24. Rxe7 Rc8 25. Rd1 Kg8 26. Rd6 Qc5 27. Rdxe6 c3 28.
Qxf7+ 1-0

[Event "Late-Titled-Tuesday-Blitz-August-29-2023"]
[Site "Chess.com"]
[Date "2023.08.29"]
[Round "7"]
[White "Akhayan"]
[Black "pedromartinez91"]
[Result "1-0"]
[WhiteElo "2322"]
[BlackElo "2498"]
[TimeControl "180+1"]
[EndTime "15:15:36 PDT"]
[Termination "Akhayan won by resignation"]

1. e4 d5 2. exd5 Qxd5 3. Nc3 Qd8 4. d4 Nf6 5. h3 g6 6. Nf3 Bg7 7. Be2 O-O 8. O-O Nc6 9. Be3 b6 10. Qd2 Bb7 11. Rad1 e6 12. Bh6 Ne7 13. Bxg7 Kxg7 14. a3 a6 15. Rfe1 Qd6 16. Qe3 Rad8 17. Qe5 Qxe5 18.
dxe5 Ne4 19. Nxe4 Bxe4 20. Bxa6 Bxc2 21. Rc1 Bb3 22. Rxc7 Nd5 23. Rcc1 Nf4 24. Re4 Nd3 25. Bxd3 Rxd3 26. Rb4 Bd5 27. Rxb6 Bxf3 28. gxf3 Rxf3 29. Kg2 Rf5 30. Rb5 Rd8 31. Rc2 Rd4 32. b4 Rff4 33. Rb2 g5 34. a4 g4 35. hxg4 Rxg4+ 36. Kf1 h5 37. a5 h4 38. Rb3 h3 39. Rxh3 Rxb4 40. Rxb4 Rxb4 41. Ra3 Rb7 42. a6 Ra7 43.
f4 Kg6 44. Kf2 Kf5 45. Kf3 f6 46. exf6 Kxf6 47. Ke4 Ke7 48. Ke5 Kd7 49. Ra2 Ke7 50. Ra1 Kd7 51. Rd1+ Ke7 52. Rd6 Kf7 53. Rxe6 Rc7 54.
Rh6 Rc1 55. f5 Rc5+ 56. Ke4 Ra5 57. Rb6 Ra1 58. Rb7+ Kf6 59. a7 Ra4+ 60. Kd5 Kxf5 61. Kc6 Ra1 62. Kc7 Ke6 1-0

[Event "Late-Titled-Tuesday-Blitz-August-29-2023"]
[Site "Chess.com"]
[Date "2023.08.29"]
[Round "7"]
[White "angryspacevoid"]
[Black "jcmesafischer"]
[Result "0-1"]
[WhiteElo "2563"]
[BlackElo "2470"]
[TimeControl "180+1"]
[EndTime "15:15:37 PDT"]
[Termination "jcmesafischer won by resignation"]

1. e4 c5 2. Ke2 Nc6 3. d3 Nf6 4. f4 e5 5. Nf3 d5 6. fxe5 dxe4 7. exf6 exf3+ 8. gxf3 Qxf6 9. Nc3 Nd4+ 10. Kf2 Qh4+ 11. Kg1 Qh5 12. Bg2 Be7 13. Ne4 O-O 14. c3 Nc6 15.
Be3 b6 16. f4 Qxd1+ 17. Rxd1 Bb7 18. Kf2 Rad8 19. h4 Ba6 20. Bf1 f5 21. Ng5 Bxg5 22. hxg5 Rd6 23. Rh3 Rfd8 24. Bc1 Ne7 25. d4 Bxf1 26.
Kxf1 cxd4 27. Rhd3 Nc6 28. Be3 Kf7 29. Bxd4 Nxd4 30. Rxd4 Rxd4 31. Rxd4 Rxd4 32. cxd4 Ke6 33. Ke2 Kd5 34. Kd3 h5 35. Ke3 b5 36. b4 g6 37. a3 h4 38. Kd3 h3 39. Ke3 h2 0-1

[Event "Late-Titled-Tuesday-Blitz-August-29-2023"]
[Site "Chess.com"]
[Date "2023.08.29"]
[Round "7"]
[White "garfield_pg"]
[Black "UgarteCesar"]
[Result "0-1"]
[WhiteElo "2384"]
[BlackElo "2264"]
[TimeControl "180+1"]
[EndTime "15:15:39 PDT"]
[Termination "UgarteCesar won by resignation"]

1. d4 d5 2. Bf4 e6 3. e3 Bd6 4.
Nd2 Nf6 5. Ngf3 O-O 6. c3 c5 7. Bxd6 Qxd6 8. Ne5 Nbd7 9. f4 b6 10. Bd3 Bb7 11. Qf3 Qe7 12. g4 cxd4 13. exd4 Nxe5 14. fxe5 Nd7 15. Qh3 g6 16. O-O-O Rfc8 17. Kb1 a5 18. Qh6 Ba6 19. Bc2 b5 20. h4 b4 21. h5 Nf8 22.
cxb4 Rab8 23. Rde1 Qxb4 24. b3 Rxc2 25. Kxc2 Rc8+ 26.
Kd1 Qxd4 27. hxg6 Qxg4+ 28. Nf3 Qxf3+ 29. Kd2 Qc3+ 0-1

[Event "Late-Titled-Tuesday-Blitz-August-29-2023"]
[Site "Chess.com"]
[Date "2023.08.29"]
[Round "7"]
[White "HansOnTwitch"]
[Black "Dhaydon19"]
[Result "1-0"]
[WhiteElo "2990"]
[BlackElo "2661"]
[TimeControl "180+1"]
[EndTime "15:15:41 PDT"]
[Termination "HansOnTwitch won by resignation"]

1. d4 Nf6 2. Nc3 d5 3. Bf4 e6 4. Nb5 Bd6 5. Nxd6+ cxd6 6. c3 Nc6 7. Nf3 O-O 8. e3 h6 9. h3 Ne4 10. Bh2 Qe7 11. Nd2 f5 12. Bd3 Bd7 13. O-O a6 14. f3 Nxd2 15. Qxd2 e5 16. Rae1 e4 17. Be2 Be6 18.
fxe4 fxe4 19. b3 Qd7 20. c4 Ne7 21. Qb4 Rxf1+ 22. Bxf1 Nf5 23. Qa5 dxc4 24. bxc4 Rf8 25. d5 Bf7 26. Qb6 Qe7 27. Be2 Qh4 28. Rf1 Ng3 29.
Bxg3 Qxg3 30. Bg4 h5 31. Bd7 h4 32. Bg4 Bxd5 33. cxd5 Rxf1+ 34. Kxf1 Kh7 35. Qd4 Qh2 36. Qxe4+ Kh6 37. Bf5 Qg3 38. Qf4+ Qxf4+ 39. exf4 g5 40.
fxg5+ Kxg5 41. Bc8 b5 42. Bxa6 b4 43. Bc4 Kf4 44.
Bb3 Ke3 45. g3 hxg3 46. Kg2 Kf4 47. Bd1 b3 48. Bxb3 1-0

[Event "Late-Titled-Tuesday-Blitz-August-29-2023"]
[Site "Chess.com"]
[Date "2023.08.29"]
[Round "7"]
[White "jaskol95"]
[Black "MarcoRiehle"]
[Result "0-1"]
[WhiteElo "2581"]
[BlackElo "2833"]
[TimeControl "180+1"]
[EndTime "15:15:46 PDT"]
[Termination "MarcoRiehle won by checkmate"]

1. e4 e5 2. Nf3 Nc6 3. Bc4 Bc5 4. c3 Nf6 5. d4 exd4 6. cxd4 Bb4+ 7. Kf1 d5 8. exd5 Nxd5 9. Qb3 Be6 10. Nc3 Bxc3 11. bxc3 O-O 12. Bd3 Nf4 13. Qc2 Nxd3 14. Qxd3 h6 15. h3 Na5 16. Kg1 Nc4 17. Rb1 Qd5 18.
Bf4 Bf5 19. Qd1 Bxb1 20. Qxb1 b6 21. Kh2 Rfe8 22. Ne5 Nxe5 23. Bxe5 Rxe5 24. dxe5 Qxe5+ 25. g3 Qxc3 26. Qe4 Rd8 27. Qe7 Qd2 28. Kg2 Qd5+ 29.
Kh2 Kh7 30. Re1 Qxa2 31. Re2 Rd2 32. Rxd2 Qxd2 33. Qxf7 Qc2 34. h4 a5 35. Kh3 a4 36.
f4 a3 37. f5 Qc6 38. Kg4 b5 39. Kh3 b4 40. Qb3 Qh1+ 41. Kg4 Qe4+ 42. Kh3 Qxf5+ 43. Kg2 Qe4+ 44. Kh3 c5 45. h5 Qf5+ 46. g4 Qe4 47. Kh4 c4 48. Qxb4 a2 49. Qa5 Qc2 50. g5 Qh2+ 51.
Kg4 Qg2+ 52. Kf4 Qxg5+ 53. Qxg5 hxg5+ 54. Kg4 a1=Q 55. h6 gxh6 56. Kh5 Qd1# 0-1

[Event "Late-Titled-Tuesday-Blitz-August-29-2023"]
[Site "Chess.com"]
[Date "2023.08.29"]
[Round "7"]
[White "ChEsper99"]
[Black "kinga2008"]
[Result "0-1"]
[WhiteElo "2159"]
[BlackElo "2408"]
[TimeControl "180+1"]
[EndTime "15:15:48 PDT"]
[Termination "kinga2008 won on time"]

1. e4 g6 2. d4 Bg7 3. Nc3 d6 4. g3 Nf6 5. Bg2 O-O 6. Nge2 e5 7. O-O exd4 8. Nxd4 Nc6 9. Re1 Bg4 10. f3 Bd7 11.
Be3 Re8 12. Bf2 Nxd4 13. Bxd4 Bc6 14. Qd2 Qd7 15. Rad1 a6 16. Qf4 Nh5 17. Qd2 Rad8 18. Bxg7 Nxg7 19. f4 f5 20. e5 dxe5 21. Qxd7 Rxd7 22.
Rxd7 Bxd7 23. fxe5 b6 24. Nd5 Kf7 25. Nxc7 Rc8 26.
Nxa6 Rxc2 27. Nb4 Rxb2 28. Nd3 Rd2 29. Nf4 g5 30. Bd5+ Ke7 0-1

[Event "Late-Titled-Tuesday-Blitz-August-29-2023"]
[Site "Chess.com"]
[Date "2023.08.29"]
[Round "7"]
[White "Byniolus"]
[Black "Fonsofan"]
[Result "1-0"]
[WhiteElo "2877"]
[BlackElo "2687"]
[TimeControl "180+1"]
[EndTime "15:15:50 PDT"]
[Termination "Byniolus won by resignation"]

1. d4 f5 2. Nf3 Nf6 3. c4 e6 4.
Nc3 d5 5. Bf4 c6 6. e3 Be7 7.
Bd3 O-O 8. O-O Ne4 9. h3 Nd7 10. Rc1 g5 11. Bh2 Bf6 12. b4 Qe7 13. b5 Kh8 14. bxc6 bxc6 15. cxd5 cxd5 16. Nb5 Ba6 17.
Rc7 Rfc8 18. Rxc8+ Rxc8 19. Nxa7 Ra8 20. Bxa6 Rxa7 21.
Qd3 Nb6 22. Ne5 Ra8 23. Rb1 Na4 24. Rb7 Qe8 25. Bb5 Qc8 26. Bc6 Bxe5 27. Bxe5+ Kg8 28. Qb5 Nac3 29. Qb6 Ne2+ 30. Kh2 Nxf2 31. Bd7 1-0

[Event "Late-Titled-Tuesday-Blitz-August-29-2023"]
[Site "Chess.com"]
[Date "2023.08.29"]
[Round "7"]
[White "egnfanclub"]
[Black "HajiyevKanan"]
[Result "1-0"]
[WhiteElo "2319"]
[BlackElo "2455"]
[TimeControl "180+1"]
[EndTime "15:15:50 PDT"]
[Termination "egnfanclub won on time"]

1. e4 c6 2. d4 d5 3. exd5 cxd5 4. c4 Nf6 5. Nc3 e6 6. Nf3 Bb4 7. cxd5 Nxd5 8. Qc2 Nc6 9. Bd3 Be7 10. a3 Bf6 11. Bxh7 Nxc3 12. bxc3 g6 13. Bxg6 fxg6 14. Qxg6+ Ke7 15. Bg5 Qf8 16. Qe4 Bxg5 17. Nxg5 Qf5 18.
Qe3 Rg8 19. h4 Bd7 20. Rb1 b6 21. O-O Rh8 22. g3 Raf8 23. c4 Kd8 24. Rfe1 Kc7 25.
Rb5 Qf6 26. d5 exd5 27. cxd5 Nd4 28. Rc1+ Kb7 29. Rb4 Re8 30. Qxd4 Qd6 31. Ne4 Qh6 32. Rbc4 Rc8 33. Qe5 Ka6 34. Nd6 Rc7 35. Rxc7 1-0

[Event "Late-Titled-Tuesday-Blitz-August-29-2023"]
[Site "Chess.com"]
[Date "2023.08.29"]
[Round "7"]
[White "Sanan_Sjugirov"]
[Black "rasmussvane"]
[Result "0-1"]
[WhiteElo "2852"]
[BlackElo "2976"]
[TimeControl "180+1"]
[EndTime "15:15:51 PDT"]
[Termination "rasmussvane won on time"]

1. d4 d5 2. Nf3 e6 3. g3 Nf6 4. Bg2 b5 5. O-O Nbd7 6. a4 b4 7. c3 Rb8 8. Bf4 Bd6 9. Bxd6 cxd6 10. a5 Ba6 11. Re1 O-O 12. Qc1 Qc7 13. cxb4 Rfc8 14.
Qxc7 Rxc7 15. Nbd2 Rxb4 16. b3 Rb8 17. e3 Ne4 18. Rec1 Rbc8 19. Rxc7 Rxc7 20. Nxe4 dxe4 21. Nd2 d5 22. Bf1 Bxf1 23. Kxf1 Kf8 24. b4 Rb7 25. Rb1 a6 26. Ke1 Nb8 27. b5 axb5 28. Nb3 Na6 29. Rc1 Ke7 30. Rc6 Nb4 31. Rc8 Kd7 32. Rg8 Nd3+ 33.
Kd2 b4 34. Rxg7 Kc6 35. Rxh7 Kb5 36. g4 Ka4 37. Nc5+ Nxc5 38. dxc5 b3 39. Kc1 Ka3 40. Kb1 b2 41. c6 Rb4 42. c7 Rc4 0-1

[Event "Late-Titled-Tuesday-Blitz-August-29-2023"]
[Site "Chess.com"]
[Date "2023.08.29"]
[Round "7"]
[White "colegiodemadrid"]
[Black "rdarruda"]
[Result "0-1"]
[WhiteElo "2444"]
[BlackElo "2578"]
[TimeControl "180+1"]
[EndTime "15:15:55 PDT"]
[Termination "rdarruda won by checkmate"]

1. e4 c5 2. Nf3 Nc6 3. d4 cxd4 4. Nxd4 e5 5. Nb5 a6 6. Nd6+ Bxd6 7. Qxd6 Qe7 8. Qxe7+ Ngxe7 9. Nc3 Nb4 10. Bd3 d5 11. exd5 Bf5 12. Ne4 Bxe4 13. Bxe4 f5 14. a3 fxe4 15.
axb4 Nxd5 16. c3 O-O-O 17. O-O Nf6 18. Re1 h6 19. Ra5 Rhe8 20. h3 Rd3 21. Be3 Kc7 22. b5 axb5 23. Rxb5 Nd5 24. Bc1 Kc6 25. Ra5 Nf6 26.
Be3 Nd5 27. Bc1 Re7 28. Kh2 b6 29. Ra4 Nf6 30. Rc4+ Kb7 31. Be3 Red7 32. Rb4 R7d6 33. Rb5 R3d5 34. Rb4 Rd3 35. g4 R3d5 36. Ra1 Kc6 37.
Rxb6+ Kd7 38. Ra7+ Ke6 39. Rb4 Rd7 40. Ra6+ R5d6 41.
Raa4 Rd1 42. Kg2 g5 43. Ra6+ Kf7 44. Rbb6 Nd5 45. Rxh6 Nxe3+ 46. Kg3 Rg1+ 47. Kh2 Rg2+ 48. Kh1 Rd1# 0-1

[Event "Late-Titled-Tuesday-Blitz-August-29-2023"]
[Site "Chess.com"]
[Date "2023.08.29"]
[Round "7"]
[White "Laico"]
[Black "MathiasCasalaspro"]
[Result "0-1"]
[WhiteElo "2409"]
[BlackElo "2268"]
[TimeControl "180+1"]
[EndTime "15:15:55 PDT"]
[Termination "MathiasCasalaspro won by checkmate"]

1. e4 c6 2. d4 d5 3. f3 e5 4. dxe5 Bc5 5. exd5 Qb6 6. Nh3 cxd5 7. Nc3 Bxh3 8. gxh3 Bf2+ 9. Ke2 Bh4 10. Be3 Qa6+ 11. Kd2 Qa5 12. Kc1 Ne7 13. Rg1 O-O 14. f4 g6 15. Bd3 Nbc6 16. Qg4 d4 17. Ne4 Nf5 18. Qxf5 dxe3 19. Qg4 Bf2 20. Rf1 Nd4 21. b3 Rac8 22.
Nxf2 exf2 23. Kb2 Qc3+ 24. Kb1 Nxc2 25. Bc4 Na3# 0-1

[Event "Late-Titled-Tuesday-Blitz-August-29-2023"]
[Site "Chess.com"]
[Date "2023.08.29"]
[Round "7"]
[White "sergiochess83"]
[Black "zeitnot2006"]
[Result "1-0"]
[WhiteElo "2945"]
[BlackElo "2753"]
[TimeControl "180+1"]
[EndTime "15:15:56 PDT"]
[Termination "sergiochess83 won by resignation"]

1. d4 d5 2. c4 e6 3. Nc3 a6 4.
c5 b6 5. cxb6 cxb6 6. Bf4 Bb7 7.
e3 Bd6 8. Nf3 Nf6 9. Bd3 Bxf4 10.
exf4 Nc6 11. O-O O-O 12. Re1 b5 13. Rc1 Rc8 14. Ne5 h6 15. Bb1 Qb6 16. Qd3 Nb4 17. Qd2 Nc6 18. Rcd1 b4 19. Na4 Qc7 20. Nc5 a5 21. f3 Nxe5 22. fxe5 Nd7 23. Qd3 Rfe8 24. Qh7+ Kf8 25. Nxd7+ Qxd7 26. Qh8+ Ke7 27. Qxg7 Kd8 28. Qxh6 Kc7 29. Rc1+ Kb6 30. Rxc8 Rxc8 31. Rc1 Rd8 32. Qe3 Rg8 33. g3 Ba6 34. Bd3 Bb7 35. Qd2 Qa4 36. Qc2 Qxc2 37. Rxc2 a4 38. Rc1 Bc6 39. Kf2 Bd7 40. h4 Rh8 41. Kg2 Rh6 42. Kh3 f6 43. g4 fxe5 44. dxe5 Rh8 45. g5 Rf8 46. Kg4 a3 47. bxa3 bxa3 48. h5 1-0

[Event "Late-Titled-Tuesday-Blitz-August-29-2023"]
[Site "Chess.com"]
[Date "2023.08.29"]
[Round "7"]
[White "wild3000"]
[Black "dorpato"]
[Result "1-0"]
[WhiteElo "2304"]
[BlackElo "2012"]
[TimeControl "180+1"]
[EndTime "15:15:58 PDT"]
[Termination "wild3000 won by resignation"]

1. a4 e5 2. h4 d6 3. a5 Be6 4. h5 a6 5. d3 Qd7 6. e4 h6 7. c4 Ne7 8. b4 f5 9. Nc3 f4 10. Nf3 Nec6 11. Ba3 Be7 12. Be2 O-O 13. Nd5 Bf6 14. Qb3 Ne7 15. Bb2 Nbc6 16. Bc3 Nd8 17. b5 Bxd5 18. exd5 axb5 19. cxb5 Kh8 20. Nd2 Nf7 21. Ne4 Ng5 22. Bf3 Nxf3+ 23. gxf3 Nf5 24. Ke2 Qf7 25. Rag1 Ne7 26. Qc4 Nxd5 27. Bd2 Rac8 28. a6 bxa6 29. bxa6 Nb6 30. Qxf7 Rxf7 31. Ra1 Ra8 32.
Rhb1 Ra7 33. Nc3 Bd8 34. Nb5 Ra8 35. a7 Nc8 36. Ra6 Rd7 37. Rba1 c5 38. Ba5 Bxa5 39. R1xa5 Rb7 40. Kd2 d5 41. Nc3 d4 42. Nb5 Kg8 43.
Kc2 Kf8 44. Kb3 Nxa7 45. Kc4 Rxb5 46. Rxb5 Ke7 47. Rb7+ Kf8 48. Raxa7 Rc8 49. Rf7+ Ke8 50. Rxg7 Kf8 51. Rh7 Kg8 52. Rxh6 Rb8 53. Rg6+ Kf8 54. h6 1-0

[Event "Late-Titled-Tuesday-Blitz-August-29-2023"]
[Site "Chess.com"]
[Date "2023.08.29"]
[Round "7"]
[White "VladimirKramnik"]
[Black "bascheyaro"]
[Result "1-0"]
[WhiteElo "2958"]
[BlackElo "2827"]
[TimeControl "180+1"]
[EndTime "15:16:02 PDT"]
[Termination "VladimirKramnik won on time"]

1. d4 d5 2. Nf3 Nf6 3. e3 Bf5 4.
Nh4 Be6 5. Bd3 g6 6. c3 Bg7 7.
Nd2 Nbd7 8. O-O c5 9. f4 Bg4 10. Qe1 e6 11. h3 Bf5 12. Nxf5 gxf5 13. Nf3 Ne4 14. Kh2 Rg8 15. Bd2 c4 16. Bxe4 fxe4 17.
Ne5 f5 18. Qe2 Bxe5 19. fxe5 Qg5 20. Be1 Nf8 21. b3 Rc8 22. Rb1 b6 23. a4 Ng6 24.
bxc4 Rxc4 25. a5 bxa5 26. Rb8+ Kf7 27. Rb7+ Ne7 28. Rxa7 Ra4 29. Rf4 Qg6 30. Bh4 Re8 31. Qb2 Qg7 32. Bf6 Qf8 33. Rh4 h6 34. Qe2 Kg8 35.
Qh5 Ra2 36. Qxh6 Qxh6 37. Rxh6 1-0

[Event "Late-Titled-Tuesday-Blitz-August-29-2023"]
[Site "Chess.com"]
[Date "2023.08.29"]
[Round "7"]
[White "mistrzemi"]
[Black "biostatistician"]
[Result "1-0"]
[WhiteElo "2387"]
[BlackElo "2566"]
[TimeControl "180+1"]
[EndTime "15:16:02 PDT"]
[Termination "mistrzemi won by checkmate"]

1. e4 e5 2. Nf3 Nc6 3. Bc4 Bc5 4. d3 Nf6 5. Bg5 h6 6. Bh4 d6 7. Nc3 Be6 8. Nd5 g5 9. Nxg5 Bxd5 10. exd5 hxg5 11. Bxg5 Rg8 12. h4 Nb8 13. Qf3 Nbd7 14. Bb5 Rg6 15. O-O-O a6 16. Bxd7+ Kxd7 17. Qf5+ Ke7 18.
Rde1 Qd7 19. g4 Rag8 20. f4 Kf8 21. fxe5 dxe5 22. Qxe5 Nxg4 23. Qc3 Bd6 24. Kb1 f6 25. Bc1 Qf5 26. h5 R6g7 27. Rhf1 Qxd5 28. Bh6 Nxh6 29. Qxf6+ Nf7 30. Qd8# 1-0

[Event "Late-Titled-Tuesday-Blitz-August-29-2023"]
[Site "Chess.com"]
[Date "2023.08.29"]
[Round "7"]
[White "ToddBryant"]
[Black "trriinu"]
[Result "1-0"]
[WhiteElo "2350"]
[BlackElo "2209"]
[TimeControl "180+1"]
[EndTime "15:16:02 PDT"]
[Termination "ToddBryant won on time"]

1. e4 g6 2. d4 Bg7 3. Nc3 d6 4. Be3 Nf6 5. Qd2 Ng4 6. Bg5 h6 7. Bh4 Nd7 8. O-O-O c5 9. Nge2 a6 10. f3 Ngf6 11. dxc5 Nxc5 12. e5 Nfd7 13. exd6 g5 14.
dxe7 Qxe7 15. Bg3 Ne5 16. Nd5 Qd7 17. Qe3 Qd6 18. Nec3 O-O 19. h4 Re8 20. Ne4 Nxe4 21. fxe4 Bg4 22. Be2 Bxe2 23. Qxe2 gxh4 24. Rxh4 Qc6 25.
Bxe5 Rxe5 26. Rg4 Kh7 27. Qd3 Rc8 28. c3 Rd8 29. Rh1 1-0

[Event "Late-Titled-Tuesday-Blitz-August-29-2023"]
[Site "Chess.com"]
[Date "2023.08.29"]
[Round "7"]
[White "DenizSeyhanoglu1"]
[Black "aqibjbutt"]
[Result "1-0"]
[WhiteElo "2315"]
[BlackElo "1998"]
[TimeControl "180+1"]
[EndTime "15:16:03 PDT"]
[Termination "DenizSeyhanoglu1 won by resignation"]

1. e4 c6 2. d4 d5 3. exd5 cxd5 4. c4 Nf6 5. Nc3 Nc6 6. Bg5 e6 7. Nf3 Be7 8. c5 O-O 9. Bb5 Ne4 10. Bxe7 Qxe7 11.
Rc1 Nxc3 12. Rxc3 e5 13. Re3 e4 14. Nd2 Nxd4 15. Ba4 Qxc5 16. O-O Be6 17. a3 b5 18.
b4 Qb6 19. Bb3 Rfc8 20. Rfe1 Rc7 21. Rg3 Nf5 22. Rg5 e3 23. fxe3 Nxe3 24. Qe2 Ng4+ 25. Kh1 Nf2+ 26. Kg1 Nd3+ 27. Kf1 Nxe1 28. Qxe1 Rac8 29.
Qe5 Rc1+ 30. Ke2 g6 31. h4 Qg1 32. Nf3 Qf1+ 33. Ke3 R8c3+ 34. Kf4 Rxb3 35. h5 Qc4+ 36. Kg3 Qe4 37. Qf6 Rxf3+ 38. gxf3 Rg1+ 39. Kh2 Qc2+ 40. Kxg1 Qd1+ 41. Kh2 Qd2+ 42. Rg2 Qd4 43. Qxd4 1-0

[Event "Late-Titled-Tuesday-Blitz-August-29-2023"]
[Site "Chess.com"]
[Date "2023.08.29"]
[Round "7"]
[White "Bala-Afiada"]
[Black "Defenstrator"]
[Result "1-0"]
[WhiteElo "1989"]
[BlackElo "2260"]
[TimeControl "180+1"]
[EndTime "15:16:03 PDT"]
[Termination "Bala-Afiada won on time"]

1. d4 e5 2. dxe5 Ke7 3. Nf3 Ke6 4. e4 Ke7 5. Nc3 Ke8 6. Bg5 Be7 7. Bxe7 Nxe7 8. Bc4 Ng6 9. O-O Nc6 10. Qd5 Qe7 11.
Rad1 Ncxe5 12. Nxe5 Nxe5 13. Nb5 c6 14. Nd6+ Kd8 15. Nxf7+ Nxf7 16. Qxf7 Re8 17. Qxe7+ Rxe7 18. f3 Kc7 19. Rd2 b5 20. Bb3 a5 21. a4 bxa4 22. Bxa4 Rb8 23. Bb3 a4 24. Bxa4 Rxb2 25. Bb3 c5 26. Ra1 d6 27. Kf1 Bd7 28. Ke2 Bb5+ 29. Kd1 Kc6 30. Kc1 Rxb3 31. cxb3 g5 32. Kb2 g4 33. Rad1 Re6 34. f4 Rxe4 35. Rxd6+ Kc7 36.
g3 Re2+ 37. R1d2 Re1 38. Rh6 1-0

[Event "Late-Titled-Tuesday-Blitz-August-29-2023"]
[Site "Chess.com"]
[Date "2023.08.29"]
[Round "7"]
[White "Anton_Demchenko"]
[Black "BlackBoarder"]
[Result "1-0"]
[WhiteElo "2923"]
[BlackElo "2741"]
[TimeControl "180+1"]
[EndTime "15:16:05 PDT"]
[Termination "Anton_Demchenko won on time"]

1. e4 e6 2. d4 d5 3. Nd2 c5 4. Ngf3 cxd4 5. Nxd4 Nf6 6. exd5 Nxd5 7. N2f3 Bb4+ 8.
Bd2 O-O 9. c3 Bc5 10. Qc2 e5 11.
Nb3 Bb6 12. O-O-O Nc6 13. Bd3 g6 14. Bh6 Re8 15. Be4 Be6 16. Kb1 f5 17. Bxd5 Bxd5 18. Ng5 Qxg5 19. Bxg5 Be4 20. Qxe4 fxe4 21. Be3 Rf8 22.
Nc5 Rf7 23. Nxe4 Bxe3 24. fxe3 Raf8 25. Kc2 Ne7 26. Rhe1 Nf5 27. Re2 Re7 28. a4 b6 29. c4 Kg7 30. b3 h5 31. g3 h4 32.
g4 Nh6 33. g5 Nf5 34. Kc3 h3 35. b4 Nh4 36. c5 bxc5 37. bxc5 Ng2 38. Kc4 Rf3 39.
Rd3 Rb7 40. c6 Rb6 41. Kc5 Nf4 42. Rd7+ Kf8 43. exf4 exf4 44. c7 1-0

[Event "Late-Titled-Tuesday-Blitz-August-29-2023"]
[Site "Chess.com"]
[Date "2023.08.29"]
[Round "7"]
[White "NigelDwarf"]
[Black "Mops_2004"]
[Result "0-1"]
[WhiteElo "2553"]
[BlackElo "2772"]
[TimeControl "180+1"]
[EndTime "15:16:05 PDT"]
[Termination "Mops_2004 won by checkmate"]

1. Nf3 f5 2. d3 Nc6 3. Nc3 e5 4.
e4 Bb4 5. Bd2 Nf6 6. exf5 d5 7.
a3 Bxc3 8. Bxc3 d4 9. Bd2 Bxf5 10. Qe2 O-O 11. h3 e4 12. dxe4 Nxe4 13. O-O-O Kh8 14. g4 Bg6 15. h4 Re8 16. h5 Ng3 17. fxg3 Rxe2 18. hxg6 d3 19. Rxh7+ Kg8 20. Bc3 Rxc2+ 21.
Kb1 Rxc3 22. bxc3 Qd5 23. Bxd3 Qb3+ 24. Kc1 Qxc3+ 25. Bc2 Qxa3+ 26. Kb1 Nb4 27. Bf5 Qb3+ 28. Kc1 Na2+ 29. Kd2 Rd8+ 30. Ke2 Qxd1+ 31. Ke3 Re8+ 32. Kf4 Qc1+ 33. Nd2 Qxd2+ 34. Kf3 Qe2+ 35. Kf4 Qe3# 0-1

[Event "Late-Titled-Tuesday-Blitz-August-29-2023"]
[Site "Chess.com"]
[Date "2023.08.29"]
[Round "7"]
[White "NMJeevanK"]
[Black "Quattroporte300"]
[Result "0-1"]
[WhiteElo "2513"]
[BlackElo "2415"]
[TimeControl "180+1"]
[EndTime "15:16:05 PDT"]
[Termination "Quattroporte300 won on time"]

1. d4 Nf6 2. c4 g6 3. Nc3 Bg7 4. g3 O-O 5. Bg2 d6 6. Nf3 Nc6 7. O-O Bg4 8. h3 Bxf3 9. Bxf3 e5 10. Bxc6 bxc6 11. dxe5 dxe5 12. Qa4 Qd7 13. Kg2 Rfd8 14.
Bg5 h6 15. Rad1 Qe6 16. Be3 Nd7 17. Ne4 f5 18. Nc5 Nxc5 19. Bxc5 e4 20. b3 Rd7 21.
e3 g5 22. Qb4 Kh7 23. Qb7 Rg8 24. Bxa7 f4 25. Rxd7 Qxd7 26. g4 f3+ 27. Kg1 h5 28.
Qb4 hxg4 29. Qc5 gxh3 30. Kh1 Bf6 31. Rg1 Kg6 32. Qa5 h2 33. Kxh2 Rh8+ 0-1

[Event "Late-Titled-Tuesday-Blitz-August-29-2023"]
[Site "Chess.com"]
[Date "2023.08.29"]
[Round "7"]
[White "effefe"]
[Black "matagordo"]
[Result "0-1"]
[WhiteElo "2403"]
[BlackElo "2204"]
[TimeControl "180+1"]
[EndTime "15:16:07 PDT"]
[Termination "matagordo won by checkmate"]

1. d4 e6 2. c4 Nf6 3. Nc3 Bb4 4. a3 Bxc3+ 5. bxc3 Qe7 6. f3 d5 7. e3 O-O 8. Bd3 c5 9. Ne2 Nc6 10. O-O dxc4 11.
Bxc4 Bd7 12. e4 cxd4 13. cxd4 e5 14. a4 Qb4 15. dxe5 Nxe4 16. Ba3 Qxc4 17. Bxf8 Rxf8 18.
fxe4 Bg4 19. Rf2 Rd8 20. Qf1 Qxe4 21. Ng3 Qd5 22. Qb5 Qd4 23. Rf1 Be6 24. Qxb7 Nxe5 25.
Kh1 Nd3 26. Rf3 Bd5 27. Rf5 Bxb7 28. Rxf7 Qd5 29. R7f5 Qxg2# 0-1

[Event "Late-Titled-Tuesday-Blitz-August-29-2023"]
[Site "Chess.com"]
[Date "2023.08.29"]
[Round "7"]
[White "arenal72"]
[Black "rachidhuilda"]
[Result "1-0"]
[WhiteElo "2525"]
[BlackElo "2359"]
[TimeControl "180+1"]
[EndTime "15:16:08 PDT"]
[Termination "arenal72 won by checkmate"]

1. Nc3 d5 2. d4 c6 3. Bf4 Bf5 4. e3 e6 5. g4 Bg6 6. h4 h5 7. g5 Qb6 8. Na4 Qa5+ 9. c3 Nd7 10.
b4 Qd8 11. Ne2 Be4 12. Rg1 Ne7 13. Ng3 Bg6 14. Be2 Nf5 15. Nxf5 Bxf5 16. Rh1 Bg6 17. Bd3 Bxd3 18. Qxd3 g6 19. Be5 Nxe5 20. dxe5 a5 21. b5 c5 22. c4 Bg7 23. f4 Rc8 24. O-O-O O-O 25. cxd5 exd5 26. Qxd5 Qe8 27. Qc4 Qe7 28. Rd6 Bxe5 29. fxe5 Qxe5 30. Rxg6+ Kh7 31. Rh6+ Kg8 32. Qc3 Qe4 33. Qh8# 1-0